Map: 블랙번 - 래더

Players

SpeCial

  • Race: Terran Terran
  • League: Master

DRG - Winner!

  • Race: Zerg Zerg

Event: DreamHack SC2 Masters Last Chance 2022

VOD

Have the link to the VOD?

Description

Time

  • Played on: Dec. 19, 2021, 9:56 p.m.
  • Length: 8:25

All games in this series

Show
View Real Time Build Order
Export as new Build Order

SpeCial Terran 

Build Orders:  

Get SALT Encoding   

  12  0:00  SCV  
  13  0:12  SCV  
  14  0:17  Supply Depot  
  14  0:24  SCV  
  15  0:38  SCV  
  15  0:40  Barracks  
  16  0:43  Refinery  
  16  0:50  SCV  
  17  1:02  SCV  
  18  1:15  SCV  
  19  1:28  Orbital Command  
  19  1:36  Command Center  
  19  1:39  Marine  
  20  1:50  Factory  
  20  1:54  SCV  
  21  2:03  Barracks Reactor  
  21  2:06  SCV  
  22  2:10  Supply Depot  
  22  2:12  Refinery  
  22  2:18  SCV  
  23  2:32  SCV  
  24  2:39  Starport  
  24  2:43  Hellion x2  
  29  2:44  SCV  
  29  2:49  Orbital Command  
  29  2:52  Marine  
  29  2:56  SCV  
  31  3:04  Widow Mine x2  
  35  3:10  SCV, Marine  
  37  3:14  SCV  
  37  3:15  Medivac  
  40  3:22  Supply Depot  
  40  3:26  SCV  
  40  3:27  SCV  
  42  3:28  Widow Mine  
  42  3:31  Widow Mine  
  46  3:38  Armory  
  46  3:43  SCV x2  
  46  3:46  Supply Depot  
  48  3:50  Hellion  
  48  3:53  Hellion  
  52  3:58  SCV x2  
  54  4:07  Liberator, Barracks Tech Lab  
  54  4:09  Supply Depot  
  57  4:11  SCV x2  
  59  4:23  SCV x2  
  59  4:26  Bunker  
  57  4:35  SCV x2  
  59  4:39  Command Center  
  59  4:41  Siege Tank  
  59  4:44  Marine x2  
  64  4:53  SCV x2  
  64  4:57  Liberator  
  63  5:05  SCV x2  
  63  5:06  Supply Depot, Marine x2  
  59  5:17  SCV x2  
  58  5:25  Barracks x2  
  58  5:27  Factory Tech Lab  
  58  5:29  SCV  
  58  5:30  Engineering Bay x2  
  58  5:33  SCV  
  60  5:35  Marine  
  60  5:36  Stimpack  
  60  5:39  Refinery  
  60  5:40  Refinery  
  60  5:41  SCV  
  60  5:42  Starport Reactor  
  62  5:45  SCV  
  63  5:53  SCV  
  63  5:55  Orbital Command  
  64  5:59  SCV, Barracks  
  64  6:00  Barracks  
  64  6:01  Siege Tank  
  68  6:05  SCV  
  68  6:06  Marine  
  68  6:11  SCV  
  71  6:17  SCV  
  72  6:19  Orbital Command  
  72  6:23  SCV  
  72  6:25  Starport Reactor  
  73  6:26  Marine x3  
  73  6:27  Marine x2  
  73  6:29  SCV  
  79  6:37  Supply Depot, Siege Tank  
  79  6:38  SCV  
  83  6:41  SCV  
  83  6:44  Marine x3  
  83  6:45  Marine x2  
  89  6:48  Barracks Tech Lab x2  
  89  6:50  SCV x2  
  91  7:01  Supply Depot  
  91  7:02  Marauder, SCV x2, Marine x2  
  91  7:03  Medivac, Marine  
  100  7:13  SCV  
  100  7:14  Refinery, Barracks  
  101  7:15  Barracks  
  101  7:16  Barracks  
  101  7:17  Supply Depot  
  101  7:18  Supply Depot  
  101  7:22  Marine x3  
  101  7:23  Marauder x2, Marine  
  101  7:27  Supply Depot  
  109  7:31  Supply Depot  
  109  7:38  Medivac x2  
  109  7:39  Supply Depot, SCV x2  
  109  7:40  Supply Depot, Siege Tank, Marine  
  109  7:41  SCV  
  120  7:47  Marine x2  
  120  7:48  Marauder  
  120  7:49  Marauder  
  120  7:51  SCV x2  
  128  7:58  Marine  
  128  8:03  Supply Depot  
  128  8:05  Marine x2  
Show
View Real Time Build Order
Export as new Build Order

DRG Zerg - Winner!

Build Orders: Hatch First 

Get SALT Encoding   

  12  0:00  Drone  
  13  0:12  Overlord  
  13  0:17  Drone  
  14  0:30  Drone x2  
  16  0:48  Hatchery  
  15  0:52  Drone  
  15  0:55  Drone  
  17  0:58  Drone  
  18  1:09  Extractor  
  17  1:13  Spawning Pool  
  17  1:16  Drone  
  17  1:20  Drone  
  18  1:28  Drone  
  19  1:39  Drone  
  20  1:50  Drone  
  21  2:00  Queen x2  
  25  2:01  Zergling x4  
  27  2:10  Overlord  
  27  2:11  Zergling x2  
  28  2:21  Hatchery  
  27  2:25  Drone  
  28  2:30  Drone  
  28  2:32  Drone  
  28  2:33  Drone  
  31  2:40  Queen  
  33  2:46  Overlord  
  33  2:48  Drone  
  34  2:53  Drone  
  34  2:55  Drone  
  36  3:04  Overlord  
  36  3:06  Drone  
  36  3:10  Drone x3  
  40  3:16  Roach Warren  
  40  3:18  Drone  
  40  3:19  Drone  
  41  3:23  Queen  
  44  3:27  Drone  
  44  3:30  Drone  
  44  3:34  Queen  
  45  3:38  Overlord  
  45  3:39  Drone  
  48  3:42  Drone  
  49  3:51  Drone  
  50  3:56  Extractor  
  50  3:57  Roach x5  
  50  4:02  Roach x2  
  63  4:06  Roach  
  63  4:08  Overlord  
  65  4:14  Overlord  
  65  4:28  Drone x3  
  67  4:33  Spore Crawler  
  67  4:34  Drone  
  67  4:35  Drone x5  
  67  4:38  Drone  
  73  4:42  Lair  
  73  4:45  Overlord  
  73  4:48  Drone x2  
  73  4:52  Drone  
  76  4:53  Drone  
  76  4:55  Spore Crawler  
  76  4:57  Drone  
  77  5:00  Drone x2  
  77  5:02  Drone  
  79  5:09  Drone x5  
  79  5:11  Drone x2  
  86  5:16  Drone x3  
  86  5:19  Drone  
  90  5:23  Extractor x2  
  90  5:24  Extractor  
  90  5:25  Drone, Extractor  
  87  5:31  Overlord  
  87  5:32  Evolution Chamber  
  87  5:33  Drone x2, Evolution Chamber  
  87  5:34  Drone  
  88  5:36  Drone  
  88  5:38  Overlord  
  88  5:41  Drone  
  88  5:42  Glial Reconstitution  
  90  5:44  Overlord  
  90  5:51  Drone, Overlord  
  90  5:52  Drone x4  
  95  6:04  Zerg Missile Weapons Level 1  
  95  6:05  Hatchery  
  95  6:06  Zerg Ground Armor Level 1  
  95  6:09  Drone x2  
  96  6:18  Metabolic Boost  
  96  6:21  Overlord  
  96  6:22  Drone x2  
  96  6:23  Overlord  
  106  6:25  Roach x4  
  106  6:29  Overlord x2  
  106  6:32  Overlord  
  106  6:35  Roach  
  108  6:41  Roach x4  
  108  6:45  Roach x2  
  120  6:50  Overlord x2  
  120  6:51  Roach  
  125  6:54  Roach x2  
  125  6:59  Roach x2  
  129  7:03  Overlord x2  
  129  7:06  Roach x2  
  133  7:09  Roach x3  
  133  7:14  Overlord  
  133  7:15  Overseer  
  139  7:17  Roach x2  
  139  7:22  Roach x2  
  147  7:26  Roach x2  
  147  7:28  Roach  
  153  7:34  Ravager x11  
  164  7:38  Roach x2  
  164  7:43  Roach  
  164  7:44  Roach x2  
  174  7:47  Roach x2  
  174  7:50  Roach x2  
  182  7:56  Roach x4  
  190  8:01  Roach x3  

Tags
 
Add a new tag
Caveats
  • Supply blocks, unpowered buildings, or Contaminate may cause inaccurate times.
  • Supply counts are checked every 10 seconds.